 Dungeon Crawl Stone Soup version 0.25.0-9-g26727b657a (webtiles) character file.

Game seed: 2526059088511408284

58 shadizar the Sneak (level 4, -4/30 HPs)
             Began as an Octopode Transmuter on June 21, 2020.
             Slain by Natasha (9 damage)
             ... on level 2 of the Dungeon.
             The game lasted 00:01:41 (1085 turns).

shadizar the Sneak (Octopode Transmuter)            Turns: 1085, Time: 00:01:41

Health: -4/30      AC:  1    Str: 10    XL:     4   Next: 2%
Magic:  7/7        EV: 13    Int: 15    God:
Gold:   34         SH:  0    Dex: 12    Spells: 6/7 levels left

rFire    . . .     SeeInvis .   d - +0 spear
rCold    . . .     Gourm    .   (no shield)
rNeg     . . .     Faith    .   (helmet restricted)
rPois    .         Spirit   .   (no amulet)
rElec    .         Reflect  .   (no ring)
rCorr    .         Harm     .   (no ring)
MR       .....                  (no ring)
Stlth    +++.......             (no ring)
HPRegen  0.10/turn              (no ring)
MPRegen  0.10/turn              (no ring)
                                (no ring)
                                (no ring)

@: no status effects
A: almost no armour, stealthy swim, amphibious, 8 rings, constrict 8, camouflage
1, gelatinous body 1
a: no special abilities


You were on level 2 of the Dungeon.
You were not hungry.

You visited 1 branch of the dungeon, and saw 2 of its levels.

You collected 34 gold pieces.

Inventory:

Hand Weapons
 d - a +0 spear (weapon)
 e - a +0 club
 g - a +0 club
Missiles
 a - 35 arrows
Scrolls
 j - 2 scrolls of remove curse {unknown}
 k - a scroll of teleportation {unknown}
 l - 2 scrolls of identify {unknown}
Potions
 f - 2 potions of might {unknown}
 h - 2 potions of curing {unknown}
 i - a potion of flight {unknown}
Comestibles
 b - 2 chunks of flesh
 c - 6 rations


   Skills:
 + Level 2.5 Fighting
 + Level 1.0 Polearms
 - Level 2.0 Dodging
 + Level 3.2 Stealth
 - Level 3.0 Unarmed Combat
 - Level 2.0 Spellcasting
 - Level 2.0 Transmutations


You had 6 spell levels left.
You knew the following spells:

 Your Spells              Type           Power        Failure   Level  Hunger
a - Beastly Appendage     Tmut           #.....       10%         1    #......

Your spell library contained the following spells:

 Spells                   Type           Power        Failure   Level  Hunger
 Sticks to Snakes         Tmut           #.......     14%         2    ###....
 Spider Form              Tmut/Pois      #.........   41%         3    ###....
 Ice Form                 Ice/Tmut       #.......     82%         4    #####..
 Blade Hands              Tmut           #.........   95%         5    ######.


Dungeon Overview and Level Annotations

Branches:
Dungeon (2/15)

Altars:

Annotations:
D:2 Natasha


Innate Abilities, Weirdness & Mutations

You cannot wear most types of armour.
You are very stealthy in the water. (Stealth+)
You are amphibious.
You can wear up to eight rings at the same time.
You can use your tentacles to constrict eight enemies at once.
Your skin changes colour to match your surroundings (Stealth+).
Your rubbery body absorbs attacks. (AC +1, EV +1)


Message History

There are monsters nearby!
You hit Natasha.
Natasha is heavily wounded.
You constrict Natasha.
Natasha mumbles some strange words.
The rat misses you.
You hit Natasha but do no damage.
Natasha is severely wounded.
You constrict Natasha. Natasha claws you! The rat bites you.
* * * LOW HITPOINT WARNING * * *
The white imp barely misses you.
You barely miss Natasha.
Natasha is severely wounded.
You constrict Natasha. Natasha misses you. The rat bites you.
* * * LOW HITPOINT WARNING * * *
The white imp misses you.
You hit Natasha.
Natasha is almost dead.
You constrict Natasha. Natasha claws you!
You die...

#....# #...#
#...#########
#####...........#
................#
######..######..#
#......†######..#
#.####5###......#
#@# #.###.##
#.hr# #.# ......#
#.# ####...# #.#
##..# #.######
..># #......#
#.## ######.# #.
#.# #.#


You could see Natasha, a white imp (summoned) and a rat.

Vanquished Creatures
  A gnoll (D:1)
  An adder (D:2)
  An ooze (D:1)
  2 dart slugs (D:1)
  2 leopard geckos (D:1)
  A giant cockroach (D:1)
  2 goblins (D:1)
  6 hobgoblins
  4 kobolds (D:1)
  5 bats
  3 frilled lizards
  3 rats (D:1)
31 creatures vanquished.

Notes
Turn   | Place    | Note
-------+----------+-------------------------------------------
     0 | D:1      | shadizar the Octopode Transmuter began the quest for the
                  | Orb.
     0 | D:1      | Reached XP level 1. HP: 13/13 MP: 3/3
    28 | D:1      | Reached skill level 1 in Stealth
    29 | D:1      | Reached XP level 2. HP: 9/18 MP: 5/5
   458 | D:1      | Reached XP level 3. HP: 24/24 MP: 6/6
  1063 | D:2      | Reached skill level 1 in Polearms
  1071 | D:2      | Reached XP level 4. HP: 30/30 MP: 7/7
  1074 | D:2      | Noticed Natasha
  1085 | D:2      | Slain by Natasha

Illustrated notes

Levels and vault maps discovered:
D:1:      dpeg_arrival_pits, layout_basic
D:2:      layout_loops_ring, uniq_natasha, uniq_sigmund, uniq_crazy_yiuf_cottage

Skill      XL: |  1  2  3 |
---------------+----------+-----
Stealth        | 1 2 3 |  3.2
Fighting       | 2 |  2.5
Polearms       | 1 |  1.0
Dodging        | |  2.0
Unarmed Combat | |  3.0
Spellcasting   | |  2.0
Transmutations | |  2.0

Action                   |  1- 3 |  4- 6 || total
-------------------------+-------+-------++-------
Melee: Unarmed           |     8 |       ||     8
       Constrict         |    14 |     2 ||    16
       Tentacles         |     5 |     1 ||     6
       Punch             |     3 |       ||     3
       Spear             |    60 |    10 ||    70
 Stab: Sleeping          |    12 |       ||    12
  Eat: Chunk             |     1 |       ||     1
Armor: Skin              |     5 |       ||     5
Dodge: Dodged            |    32 |    12 ||    44
